 Dungeon Crawl Stone Soup version 0.29.1-15-g9cfb28693d (webtiles) character file.

Game seed: 5293008974853229658

2 112233 the Caller (level 1, 0/16 HPs)
             Began as an Ogre Summoner on Feb 23, 2023.
             Slain by a giant cockroach (1 damage)
             ... on level 1 of the Dungeon.
             The game lasted 00:00:45 (108 turns).

112233 the Caller (Ogre Summoner)                    Turns: 108, Time: 00:00:46

Health: 0/16       AC:  3    Str: 11    XL:     1   Next: 30%
Magic:  1/3        EV:  9    Int: 16    God:
Gold:   0          SH:  0    Dex:  9    Spells: 3/4 levels left

rFire   . . .      SeeInvis .   c - +0 whip
rCold   . . .      Faith    .   (no shield)
rNeg    . . .      Spirit   .   a - +0 robe
rPois   .          Reflect  .   (helmet restricted)
rElec   .          Harm     .   (no cloak)
rCorr   .          Rampage  .   (gloves unavailable)
Will    .....                   (boots unavailable)
Stlth   +.........              (no amulet)
HPRegen 0.05/turn               (no ring)
MPRegen 0.08/turn               (no ring)

@: no status effects
A: large, unfitting armour, tough skin 1
a: no special abilities


You were on level 1 of the Dungeon.
You visited 1 branch of the dungeon, and saw 1 of its levels.

Inventory:

Hand Weapons
 c - a +0 whip (weapon)
Armour
 a - a +0 robe (worn)


   Skills:
 + Level 1.8 Dodging
 + Level 1.4 Stealth
 + Level 2.4 Spellcasting
 + Level 3.6 Summonings


You had 3 spell levels left.
You knew the following spells:

 Your Spells              Type           Power      Damage    Failure   Level
a - Summon Small Mammal   Summ           52%        N/A       4%          1

Your spell library contained the following spells:

 Spells                   Type           Power      Damage    Failure   Level
 Call Imp                 Summ           13%        N/A       7%          2
 Call Canine Familiar     Summ           13%        N/A       14%         3
 Summon Guardian Golem    Hex/Summ       7%         N/A       28%         3
 Summon Lightning Spire   Summ/Air       7%         N/A       67%         4


Dungeon Overview and Level Annotations

Branches:
Dungeon (1/15)

Altars:


Innate Abilities, Weirdness & Mutations

You are too large for most types of armour.
You have tough skin. (AC +1)


Message History

Your bat hits the hobgoblin. The giant cockroach bites you.
* * * LOW HITPOINT WARNING * * *
Your rat bites the ball python.
You barely miss the ball python.
The ball python is severely wounded.
The ball python closely misses you.
The hobgoblin hits your bat but does no damage.
The giant cockroach closely misses you.
Your bat hits the hobgoblin but does no damage.
Your rat closely misses the ball python.
You hit the giant cockroach.
The giant cockroach is heavily wounded.
Your bat completely misses the hobgoblin.
The ball python bites you but does no damage.
The giant cockroach bites you but does no damage.
Your rat barely misses the ball python.
The ball python bites you.
* * * LOW HITPOINT WARNING * * *
You aren't carrying any potions.
Unknown command.
You aren't carrying any scrolls.
Unknown command.
You hit the giant cockroach but do no damage.
The giant cockroach is heavily wounded.
Your bat hits the hobgoblin but does no damage.
The giant cockroach bites you.
* * * LOW HITPOINT WARNING * * *
The ball python closely misses you.
Your rat bites the ball python.
The ball python dies!
Casting: Summon Small Mammal (safe; 4% risk of failure)
Confirm with . or Enter, or press ? or * to list all spells.
Your bat disappears in a puff of smoke!
The giant cockroach closely misses you.
Your rat bites the gnoll.
The giant cockroach barely misses you.
Your bat hits the giant cockroach.
Your bat hits the giant cockroach but does no damage.
The gnoll completely misses you. The hobgoblin hits your rat.
Your rat dies!
Your rat's corpse disappears in a puff of smoke!
The giant cockroach bites you.
You die...

# .# .## ###.....
##...... ... .b....
... #.# #B#.. ..
... #.# #@#.## #.#
##.## #.# #g#..##
...###...# ...
#.§...#.....#.....
#.# #§g....##
##...... # #.#
##.......###....<..
#. #.#
#.........#........
#.##.#
#.#.##.....#####.##
####..#.####.#.#
#..)..###...#
........gS...#.#
#......#.....


You could see a gnoll, a giant cockroach (ally target), a hobgoblin (unaware)
and a friendly bat (summoned).

Vanquished Creatures (collateral kills)
  A ball python (D:1)
  A bat (D:1)
  A rat (D:1)
3 creatures vanquished.

Notes
Turn   | Place    | Note
-------+----------+-------------------------------------------
     0 | D:1      | 112233 the Ogre Summoner began the quest for the Orb.
     0 | D:1      | Reached XP level 1. HP: 16/16 MP: 3/3
   108 | D:1      | Slain by a giant cockroach

Illustrated notes

Levels and vault maps discovered:
D:1:      onia_arrival_pyramid, layout_loops_ring, ebering_ecumenical_altar_mist

Action                   || total
-------------------------++-------
Melee: Whip              ||     3
 Cast: Summon Small Mamm ||    11
  Use: Potion            ||     1
Armor: Robe              ||    13
Dodge: Dodged            ||    19
